 Dungeon Crawl Stone Soup version 0.30.0-29-ga12c61a403 (webtiles) character file.

Game seed: 7636102073435938419

310 BreadTh the Cudgeller (level 7, 40/40 HPs)
             Began as a Meteoran Fighter on June 14, 2023.
             Quit the game on level 4 of the Dungeon.
             The game lasted 00:06:08 (2065 turns).

BreadTh the Cudgeller (Meteoran Fighter)            Turns: 2065, Time: 00:06:09

Health: 40/40      AC:  7    Str: 17    XL:     7   Next: 1%
Magic:  8/8        EV: 14    Int: 10    God:
Gold:   131        SH:  5    Dex: 16    Spells: 6/6 levels left

rFire   . . .        a - +0 flail
rCold   . . .        c - +0 buckler
rNeg    + . .        b - +0 scale mail
rPois   .            (no helmet)
rElec   .            (no cloak)
rCorr   .            (no gloves)
SInv    .            (no boots)
Will    .....        (no amulet) Stlth
                     w - ring of positive energy
HPRegen 0.26/turn    j - +5 ring of evasion
MPRegen 0.11/turn

%: no passive effects
@: glowing
A: sense surroundings 1, otherworldly, glowing, explore regen
a: no special abilities


You were on level 4 of the Dungeon.
You visited 1 branch of the dungeon, and saw 4 of its levels.

You collected 131 gold pieces.

Inventory:

Hand Weapons
 a - a +0 flail (weapon)
Missiles
 q - 2 silver javelins (quivered)
Armour
 b - a +0 scale mail (worn)
 c - a +0 buckler (worn)
Jewellery
 j - a +5 ring of evasion (right hand)
 k - a ring of protection from cold
 r - a ring of see invisible
 w - a ring of positive energy (left hand)
Scrolls
 e - 2 scrolls of noise {unknown}
 f - a scroll of immolation {unknown}
 g - 10 scrolls of identify {unknown}
 i - a scroll of magic mapping {unknown}
 l - 2 scrolls of amnesia {unknown}
 n - a scroll of blinking {unknown}
 u - a scroll of teleportation {unknown}
 v - a scroll of poison {unknown}
Potions
 d - a potion of might
 h - 3 potions of curing {unknown}
 m - 2 potions of attraction {unknown}
 o - a potion of haste {unknown}
 p - a potion of ambrosia {unknown}
 s - a potion of magic {unknown}
 t - 2 potions of berserk rage {unknown}


   Skills:
 + Level 4.4 Fighting
 * Level 5.8 Maces & Flails
 + Level 4.9 Armour
 + Level 4.9 Shields


You had 6 spell levels left.
You didn't know any spells.
Your spell library contained the following spells:

 Spells                   Type           Power      Damage    Failure   Level
 Lesser Beckoning         Tloc           0%         N/A       92%         2
 Gell's Gravitas          Tloc           0%         N/A       99%         3
 Teleport Other           Tloc           0%         N/A       99%         3


Dungeon Overview and Level Annotations

Branches:
Dungeon (4/15) Zot: 697
 Temple: D:4-7

Altars:
Dithmenos
Elyvilon
Sif Muna
Uskayaw
Zin


Innate Abilities, Weirdness & Mutations

You passively map a small area around you.
You are easily found by Zot.
You glow in the dark.
You regain HP and MP as you explore.


Message History

You block Grinder's attack.
You closely miss Grinder.
Grinder is moderately wounded.
Grinder completely misses you.
You closely miss Grinder.
Grinder is moderately wounded.
Grinder gestures at you. Pain shoots through your body!
Grinder blinks!
Grinder blinks!
You hit Grinder.
Grinder is heavily wounded.
Grinder closely misses you.
You hit Grinder.
Grinder is severely wounded.
Grinder rolls her eyes.
You block Grinder's attack.
You hit Grinder but do no damage.
Grinder is severely wounded.
Grinder blinks!
You sock Grinder!
You kill Grinder!
Your Maces & Flails skill increases to level 5!
You have reached level 6!
You feel agile.
You have reached level 7!
Done exploring.
Unknown command.
You see here a frilled lizard skeleton.
There is a stone staircase leading down here.
You climb downwards.
Found 9 gold pieces.
There is a stone staircase leading up here.
Found a stone staircase leading down.
You now have 116 gold pieces (gained 9).
A hobgoblin comes into view.
The hobgoblin shouts!
You see here 15 gold pieces.
A hobgoblin is nearby!
You now have 131 gold pieces (gained 15).
Are you sure you want to abandon this character and quit the game? (Confirm with "yes".)

#.## #.......##. ..
###...#.# , , ..
#...#.# * * ..
########..# ,, , ...
...###.#.>...#
....####.##.###.##...
.............# .# .
.........#.#..# ., ,
, ..g....@..##..# ##
....####.## ....,<
... ...# #.### * * *
##### **.# , , ,..
,** * .. ,, , , * , ,
* ,* , *


You could see a hobgoblin.

Vanquished Creatures
  Grinder (D:3)
  Jessica (D:3)
  Natasha (D:3)
  A gnoll (D:2)
  An adder (D:3)
  2 worms
  A dart slug (D:2)
  4 ball pythons
  4 bats
  4 endoplasms
  4 giant cockroaches
  2 goblins
  5 hobgoblins
  3 jackals (D:1)
  3 quokkas
  5 frilled lizards
  3 kobolds (D:3)
  A rat (D:1)
46 creatures vanquished.

Notes
Turn   | Place    | Note
-------+----------+-------------------------------------------
     0 | D:1      | BreadTh the Meteoran Fighter began the quest for the Orb.
     0 | D:1      | Reached XP level 1. HP: 19/19 MP: 2/2
    57 | D:1      | Reached skill level 3 in Maces & Flails
    57 | D:1      | Reached XP level 2. HP: 18/26 MP: 3/3
   262 | D:1      | Reached XP level 3. HP: 31/31 MP: 4/4
   483 | D:1      | Glimpsed the power of Zot.
   694 | D:2      | Reached XP level 4. HP: 39/39 MP: 5/5
  1068 | D:2      | Found a faded altar of an unknown god.
  1075 | D:2      | Glimpsed the power of Zot.
  1178 | D:3      | Reached skill level 4 in Maces & Flails
  1307 | D:3      | Found a white marble altar of Elyvilon.
  1310 | D:3      | Found a glowing silver altar of Zin.
  1310 | D:3      | Found a hide-covered altar of Uskayaw.
  1322 | D:3      | Found a shadowy altar of Dithmenos.
  1605 | D:3      | Noticed Jessica
  1609 | D:3      | Killed Jessica
  1610 | D:3      | Reached XP level 5. HP: 34/46 MP: 6/6
  1668 | D:3      | Glimpsed the power of Zot.
  1691 | D:3      | Noticed Natasha
  1703 | D:3      | Killed Natasha
  1707 | D:3      | Found a shimmering blue altar of Sif Muna.
  1715 | D:3      | Glimpsed the power of Zot.
  1754 | D:3      | Glimpsed the power of Zot.
  1764 | D:3      | Touched by the power of Zot.
  1862 | D:3      | Glimpsed the power of Zot.
  1912 | D:3      | Glimpsed the power of Zot.
  1953 | D:3      | Glimpsed the power of Zot.
  1963 | D:3      | Touched by the power of Zot.
  1986 | D:3      | Noticed Grinder
  2004 | D:3      | Killed Grinder
  2005 | D:3      | Reached skill level 5 in Maces & Flails
  2005 | D:3      | Reached XP level 6. HP: 28/34 MP: 7/7
  2005 | D:3      | Reached XP level 7. HP: 32/40 MP: 8/8
  2065 | D:4      | Quit the game

Illustrated notes

Levels and vault maps discovered:
D:1:      lemuel_arrival_funnel, layout_basic, corner_web_ring
D:2:      layout_basic, shapermc_ecumenical_altar_pompeii,
          kennysheep_generic_room_5
D:3:      layout_basic, chequers_temple_overflow_statue_of_worship,
          nicolae_overflow_hidden_temple, uniq_grinder, uniq_natasha,
          uniq_jessica
D:4:      layout_loops_cross, uniq_sigmund

Skill      XL: |  1  2  3  4  5 |
---------------+----------------+-----
Maces & Flails | 3 4 5 |  5.8
Armour         | 4 |  4.9
Shields        | 4 |  4.9
Fighting       | 4 |  4.4

Action                     |  1- 3 |  4- 6 |  7- 9 || total
---------------------------+-------+-------+-------++-------
  Melee: Flail             |    88 |    81 |       ||   169
 Armour: Scale mail        |    48 |    22 |       ||    70
  Dodge: Dodged            |    55 |    43 |       ||    98
  Block: Buckler           |    20 |    25 |       ||    45
